 Dungeon Crawl Stone Soup version 0.30-a0-802-gb92711bcdf (webtiles) character file.

Game seed: 5810572916006870904

2540 Darius099 the Cleaver (level 9, -10/71 HPs)
             Began as a Minotaur Fighter on Feb 24, 2023.
             Mangled by Joseph
             ... wielding a +0 quarterstaff
              (14 damage)
             ... on level 7 of the Dungeon.
             The game lasted 00:13:57 (7186 turns).

Darius099 the Cleaver (Minotaur Fighter)            Turns: 7186, Time: 00:13:57

Health: -10/71     AC:  7    Str: 25    XL:     9   Next: 30%
Magic:  8/8        EV:  7    Int:  5    God:
Gold:   304        SH:  4    Dex: 10    Spells: 8/8 levels left

rFire   . . .      SeeInvis .    a - +0 war axe
rCold   . . .      Faith    .    c - +0 buckler
rNeg    . . .      Spirit   .    E - +0 chain mail
rPois   +          Reflect  .    (helmet restricted)
rElec   .          Harm     .    (no cloak)
rCorr   .          Rampage  .    q - +0 pair of gloves {hurl}
Will    .....                    G - +0 pair of boots Stlth
                                 (no amulet)
HPRegen 0.31/turn                e - ring of poison resistance
MPRegen 0.11/turn                (no ring)

@: corroded
A: horns 2, retaliatory headbutt
a: no special abilities


You were on level 7 of the Dungeon.
You visited 1 branch of the dungeon, and saw 7 of its levels.
You also visited: Ossuary.

You collected 304 gold pieces.

Inventory:

Hand Weapons
 a - a +0 war axe (weapon)
 n - the +4 whip of Imbalance {flame, +Blink rElec rF+ rCorr}
   (You found it on level 2 of the Dungeon)

   rF:        It protects you from fire.
   rElec:     It insulates you from electricity.
   +Blink:    It lets you blink.
   rCorr:     It protects you from acid and corrosion.
Missiles
 i - 42 stones (quivered)
 t - 2 throwing nets
Armour
 c - a +0 buckler (worn)
 q - a +0 pair of gloves of hurling (worn)
 E - a +0 chain mail (worn)
 G - a +0 pair of boots (worn)
Jewellery
 e - a ring of poison resistance (left hand)
Wands
 r - a wand of paralysis (7)
 v - a wand of polymorph (7)
Scrolls
 b - a scroll of enchant weapon {unknown}
 h - a scroll of silence {unknown}
 j - a scroll of amnesia {unknown}
 k - 3 scrolls of teleportation
 l - 2 scrolls of enchant armour {unknown}
 o - a scroll of fear {unknown}
 p - a scroll of immolation {unknown}
 s - 4 scrolls of noise {unknown}
 u - 3 scrolls of fog {unknown}
 y - a scroll of brand weapon {unknown}
 C - a scroll of vulnerability {unknown}
 F - a scroll of blinking {unknown}
Potions
 d - a potion of might
 f - 2 potions of magic
 g - a potion of degeneration {unknown}
 m - 2 potions of curing
 w - a potion of flight {unknown}
 x - 2 potions of attraction
 z - a potion of lignification {unknown}
 A - a potion of mutation {unknown}
 B - 4 potions of heal wounds {unknown}
 D - a potion of resistance {unknown}


   Skills:
 - Level 3.8 Fighting
 + Level 14.8 Axes
 - Level 3.8 Armour
 - Level 3.8 Shields


You had 8 spell levels left.
You didn't know any spells.
Your spell library was empty.

Dungeon Overview and Level Annotations

Branches:
Dungeon (7/15)            Ossuary (visited)
 Temple: D:4-7

Altars:
Dithmenos
Nemelex Xobeh
Sif Muna
Wu Jian
The Shining One

Shops:
D:1 =   D:3 ?   D:4 !=(=

Annotations:
D:7 Joseph


Innate Abilities, Weirdness & Mutations

You have a pair of horns on your head.
You reflexively headbutt those who attack you in melee.


Message History

Joseph hits you with a +0 quarterstaff.
You slash Joseph!
Joseph is heavily wounded.
You barely miss Joseph.
Joseph is heavily wounded.
Joseph zaps a wand.
The bolt of acid hits you!
You hit Joseph.
Joseph is severely wounded.
Joseph hits you with a +0 quarterstaff!
You hit Joseph.
Joseph is severely wounded.
Joseph hits you with a +0 quarterstaff!
* * * LOW HITPOINT WARNING * * *
You slash Joseph!
Joseph is almost dead.
Joseph hits you with a +0 quarterstaff.
* * * LOW HITPOINT WARNING * * *
You barely miss Joseph.
Joseph is almost dead.
You hit Joseph but do no damage. Your headbutt misses Joseph.
Joseph is almost dead.
Joseph zaps a wand.
The bolt of acid hits you!
* * * LOW HITPOINT WARNING * * *
The acid corrodes you!
You feel better. Joseph closely misses you.
You slash Joseph! Your headbutt misses Joseph.
Joseph is almost dead.
Joseph zaps a wand.
The bolt of acid misses you.
You hit Joseph but do no damage.
Joseph is almost dead.
Joseph tries to grin evilly.
Joseph barely misses you.
You hit Joseph but do no damage.
Joseph is almost dead.
Joseph hits you with a +0 quarterstaff!
* * * LOW HITPOINT WARNING * * *
You hit Joseph but do no damage.
Joseph is almost dead.
Joseph hits you with a +0 quarterstaff!
You die...

♣.≈.....≈.♣
#♣..≈≈≈≈≈..♣
#.♣♣♣♣♣♣♣♣
#.......#
#.......###+####
#..............#
#..............#
#####@##.......#
#....@#.......#
#.....#.......#
#.....#.$...$.#
#######........
#........
#...@....
#........


You could see Joseph.

Vanquished Creatures
  Grinder (D:5)
  Sigmund (D:5)
  Menkaure (D:5)
  An orc warrior (D:7)
  A sky beast (D:5)
  4 ice beasts
  4 ogres
  3 water moccasin zombies (Ossuary)
  6 killer bees
  A hound (D:5)
  A jelly (D:4)
  4 orc priests
  Terence (D:3)
  5 orc wizards
  Natasha (thrice) (D:3)
  An iguana (D:4)
  3 mummies
  10 gnolls
  6 adders
  A white imp (D:7)
  5 adder zombies (Ossuary)
  3 worms
  3 dart slugs
  23 orcs
  8 endoplasms
  A giant cockroach (D:1)
  6 hobgoblins
  7 jackals (D:1)
  5 kobolds
  5 quokkas
  7 ball pythons
  3 bats
  A frilled lizard (D:3)
  8 gnoll zombies (Ossuary)
  5 goblins
  4 hobgoblin zombies (Ossuary)
  6 kobold zombies (Ossuary)
  4 orc zombies (Ossuary)
  2 rats
164 creatures vanquished.

Notes
Turn   | Place    | Note
-------+----------+-------------------------------------------
     0 | D:1      | Darius099 the Minotaur Fighter began the quest for the Orb.
     0 | D:1      | Reached XP level 1. HP: 19/19 MP: 0/0
   120 | D:1      | Reached XP level 2. HP: 17/27 MP: 1/1
   188 | D:1      | Found a faded altar of an unknown god.
   213 | D:1      | Reached skill level 3 in Axes
   246 | D:1      | Found Oroqon's Jewellery Shoppe.
   730 | D:1      | Reached XP level 3. HP: 28/33 MP: 2/2
  1104 | D:2      | Identified the +4 whip of Imbalance {flame, +Blink rElec
                  | rF+ rCorr}
  1392 | D:2      | Reached skill level 4 in Axes
  1909 | D:3      | Reached XP level 4. HP: 40/40 MP: 3/3
  1910 | D:3      | Noticed Terence
  1912 | D:3      | Reached skill level 5 in Axes
  1917 | D:3      | Killed Terence
  2022 | D:3      | Found a shadowy altar of Dithmenos.
  2113 | D:3      | Reached skill level 6 in Axes
  2113 | D:3      | Reached XP level 5. HP: 32/46 MP: 4/4
  2120 | D:3      | Noticed Natasha
  2126 | D:3      | Killed Natasha
  2232 | D:3      | Found Quoviy's Magic Scroll Boutique.
  2272 | D:3      | Noticed Natasha
  2277 | D:3      | Killed Natasha
  2278 | D:3      | Reached skill level 7 in Axes
  2424 | D:3      | Noticed Natasha
  2444 | D:3      | Killed Natasha
  2445 | D:3      | Reached XP level 6. HP: 15/52 MP: 5/5
  2915 | D:4      | Found a sand-covered staircase.
  2956 | Ossuary  | Entered an ossuary
  2978 | Ossuary  | Reached skill level 8 in Axes
  3136 | Ossuary  | Reached skill level 9 in Axes
  3136 | Ossuary  | Reached XP level 7. HP: 49/58 MP: 6/6
  3261 | D:4      | Found a sparkling altar of Nemelex Xobeh.
  3356 | D:4      | Reached skill level 10 in Axes
  3532 | D:4      | Found a glowing golden altar of the Shining One.
  3586 | D:4      | Found Pyorr's Jewellery Boutique.
  3586 | D:4      | Found Jorataff's Distillery.
  3587 | D:4      | Found Xyuzyh's Jewellery Boutique.
  3591 | D:4      | Found Joipyil's Weapon Boutique.
  3904 | D:4      | Found an ornate altar of the Wu Jian Council.
  4335 | D:5      | Entered Level 5 of the Dungeon
  4597 | D:5      | Reached skill level 11 in Axes
  4597 | D:5      | Reached XP level 8. HP: 66/66 MP: 7/7
  4662 | D:5      | Noticed Menkaure
  4673 | D:5      | Killed Menkaure
  4826 | D:5      | Noticed Grinder
  4835 | D:5      | Killed Grinder
  4836 | D:5      | Reached skill level 12 in Axes
  5101 | D:5      | Noticed Sigmund
  5118 | D:5      | Killed Sigmund
  5119 | D:5      | Reached skill level 13 in Axes
  5738 | D:5      | Reached XP level 9. HP: 41/71 MP: 8/8
  6046 | D:6      | Reached skill level 14 in Axes
  7122 | D:7      | Found a shimmering blue altar of Sif Muna.
  7156 | D:7      | Noticed Joseph
  7185 | D:7      | HP: 3/71 [Joseph/+0 quarterstaff (13)]
  7186 | D:7      | Mangled by Joseph

Illustrated notes

Levels and vault maps discovered:
D:1:      ebering_trefoil_3fold, layout_basic, ebering_ecumenical_altar_hall,
          serial_shops, nicolae_shop_advertising_works
          [nicolae_subvault_shop_adworks], kennysheep_pointless_box
D:2:      layout_basic, chequers_garden, chequers_decorated_corner
D:3:      layout_basic, old_standard_altar, cheibrodos_sewer_entry_bend,
          serial_shops, shop, uniq_natasha, uniq_terence
D:4:      layout_basic, nemelex_altar_shiori, pdpol_wu_jian_five_deadly_venoms,
          mainiacjoe_overflow_small_starburst, gup_ossuary_entry_pyramid,
          minmay_shop_grid_forest
D:5:      layout_basic, uniq_menkaure, uniq_sigmund, uniq_grinder
D:6:      layout_loops_ring
D:7:      layout_gridville, mainiacjoe_overflow_paths,
          mainiacjoe_overflow_tiny_flanked,
          minmay_temple_entry_drinking_statues, serial_shops,
          kennysheep_little_box, uniq_joseph

Skill      XL: |  1  2  3  4  5  6  7  8  9 |
---------------+----------------------------+-----
Axes           | 3 4 6 7 9 11 13 14 | 14.8
Fighting       | |  3.8
Armour         | |  3.8
Shields        | |  3.8

Action                     |  1- 3 |  4- 6 |  7- 9 || total
---------------------------+-------+-------+-------++-------
  Melee: War axe           |    61 |   130 |   265 ||   456
         Headbutt          |     7 |    24 |    35 ||    66
         Unarmed           |       |    16 |       ||    16
  Throw: Stone             |       |       |    11 ||    11
    Use: Scroll            |       |       |     4 ||     4
         Potion            |       |       |     2 ||     2
 Armour: Scale mail        |    32 |    46 |    19 ||    97
         Chain mail        |       |       |    92 ||    92
  Dodge: Dodged            |    21 |    56 |    93 ||   170
  Block: Buckler           |    11 |    23 |    29 ||    63

Table legend: (Time is in decaauts)
 A = Elapsed time spent in this place.
 B = Non-inter-level travel time spent in this place.
 C = Inter-level travel time spent in this place.
 D = Time resting spent in this place.
 E = Time spent auto-exploring this place.
 F = Levels seen in this place.
 G = Mean time per level.
                   A        B        C        D        E       F      G
               +--------+--------+--------+--------+--------+-----+--------+
         Total |   7225 |   6920 |    305 |   1381 |   4405 |   8 |  903.1 |
       Dungeon |   6939 |   6634 |    305 |   1381 |   4232 |   7 |  991.3 |
       Ossuary |    286 |    286 |      0 |      0 |    173 |   1 |  286.0 |
               +--------+--------+--------+--------+--------+-----+--------+

Top non-repeatable levels by time:
     D:5: 1710 daAuts
     D:4: 1295 daAuts
     D:1: 1026 daAuts
     D:3: 973 daAuts
     D:6: 896 daAuts
     D:2: 811 daAuts
 Ossuary: 286 daAuts
     D:7: 226 daAuts
